[Event "AUT Bundesliga Women 2021-22"]
[Site "Austria"]
[Date "2022.04.23"]
[Round "9.18"]
[White "Motycakova, Monika"]
[Black "Kejzar, Petra"]
[Result "0-1"]
[ECO "B81"]
[WhiteElo "2102"]
[BlackElo "2072"]
[Annotator "TA"]
[PlyCount "74"]
[EventDate "2021.11.06"]
[EventType "team-tourn"]
[EventCountry "AUT"]
[SourceTitle "playchess.com"]
[Source "ChessBase"]
[SourceQuality "1"]
[TimeControl "40/5400+30:1800+30"]

1. e4 c5 2. Nf3 e6 3. d4 cxd4 4. Nxd4 Nf6 5. Nc3 d6 6. g4 h6 7. h4 Nc6 8. Rg1 h5 9. gxh5 Nxh5 10. Bg5 Nf6 11. Rg3 a6 12. Nxc6 bxc6 13. Qf3 e5 {[%emt 0:08:18] B81: Sicilian Scheveningen: Keres Attack.} ({Black should play} 13... Qc7 $14) 14. Bc4 $16 Be6 15. Bxe6 fxe6 {[%emt 0:00:01] White is better.} 16. O-O-O Ra7 17. Qe2 Qc8 {[%emt 0:07:25] [#]} 18. Na4 $146 {[%emt 0:13:35] Black must now prevent Nb6.} ({Predecessor:} 18. Qc4 Kf7 19. Rdg1 Nh5 20. Rf3+ Kg8 21. Ne2 Rf7 22. Rxf7 Kxf7 23. Ng3 Nf4 24. Bxf4 exf4 {1-0 (60) Rooze,J (2271)-Wahlbom,M (2311) Dresden 2010}) 18... c5 $2 (18... Rb7 $16 {keeps fighting.}) 19. Qc4 (19. Nb6 $18 {is the precise move to win.} Qc6 20. Nc4) 19... Kf7 20. f4 (20. Nc3 $142) 20... exf4 (20... d5 21. exd5 exd5 22. Qf1 exf4 23. Qxf4 $16) 21. Rf3 ({Of course not} 21. Bxf4 Rxh4 22. Rf3 (22. Bxd6 Bxd6 23. Rxd6 Rxe4 $11) 22... d5 23. exd5 exd5 $11) 21... Qc6 (21... d5 $2 22. exd5 e5 23. b4 $18 (23. d6+ Qe6 $18)) (21... Qb8 $16 {was necessary.}) 22. Rxf4 $2 (22. Nc3 $18) 22... Qb5 $11 23. e5 dxe5 {[%emt 0:02:59] [#]} 24. Nc3 $1 Qb4 {[%emt 0:02:48] [#] The board is on fire.} (24... Qxc4 25. Rxc4) 25. a3 $1 Qxc4 26. Rxc4 Be7 27. Ne4 (27. Rf1 $14) 27... Rd7 28. Nxc5 Rxd1+ 29. Kxd1 Nd5 $1 30. Ne4 Kg6 {[%emt 0:02:34] Hoping for ...Bxg5.} 31. Rc6 Bxg5 (31... Kf5 {seems wilder.} 32. Nd6+ Kg6 33. c4 Bxg5 34. hxg5 Rh1+) 32. Nxg5 Rxh4 33. Rxe6+ $2 (33. Nxe6 $11 {and White is okay.} a5 34. Ke1 (34. Nf4+ Kf5 $11)) 33... Kf5 $19 34. Rxe5+ (34. c3 $142) 34... Kxe5 {[%emt 0:00:24] Black is clearly winning.} 35. Nf3+ Ke4 36. Nxh4 {[%emt 0:00:02] [#]} Nf4 $1 {[%emt 0:00:35] Threatens to win with ...g5.} 37. b4 g5 {[%emt 0:00:05] Weighted Error Value: White=1.05/Black=0.18 (very precise)} 0-1

[Event "AUT Bundesliga Women 2021-22"]
[Site "Austria"]
[Date "2022.04.23"]
[Round "9.19"]
[White "Hiebler, Laura"]
[Black "Kurapova, Olga"]
[Result "1/2-1/2"]
[ECO "A11"]
[WhiteElo "2021"]
[BlackElo "1893"]
[Annotator "TA"]
[PlyCount "86"]
[EventDate "2021.11.06"]
[EventType "team-tourn"]
[EventCountry "AUT"]
[SourceTitle "playchess.com"]
[Source "ChessBase"]
[SourceQuality "1"]
[TimeControl "40/5400+30:1800+30"]

1. c4 c6 2. g3 d5 3. Bg2 Nf6 4. Nf3 dxc4 5. Nc3 Nbd7 6. O-O {[%emt 0:10:23] A11: English Opening: 1...c6.} e5 7. Qc2 Bd6 {[%emt 0:06:47] [#]} 8. Rd1 $146 ({Predecessor:} 8. Ne4 Nxe4 9. Qxe4 Nf6 10. Qxc4 Be6 11. Qc2 Qc7 12. d4 Nd7 13. b3 f6 14. dxe5 Nxe5 {0-1 (34) Szente Varga,F (2025)-Kabai,Z (2089) Budapest 2012}) 8... O-O 9. d4 {[%emt 0:05:00] [#] Threatens to win with dxe5.} cxd3 $1 10. Qxd3 Bc7 11. Qc2 Qe7 12. Bg5 h6 13. Be3 Bb6 14. Bxb6 Nxb6 15. Ne4 Bf5 16. Nxf6+ Qxf6 17. Qc5 Nd5 18. Nd2 {[%emt 0:03:43] [#] e4 is the strong threat.} Qe7 ({Better is} 18... Bg4 $15 19. Ne4 Qe6) 19. Qxe7 (19. Nb3 $5 b6 20. Qxc6 $11) 19... Nxe7 20. Nc4 f6 21. Nd6 Rab8 (21... Bc2 $5 22. Rdc1 Bg6 $15) 22. Nxf5 Nxf5 23. Bh3 Nd4 24. e3 Nf3+ 25. Kg2 Ng5 {[%emt 0:00:02] Prevents Be6+.} 26. Rd7 Rfd8 (26... Nxh3 $15 {is more appropriate.} 27. Kxh3 Rf7) 27. Rad1 $11 {[%emt 0:00:31] The position is equal.} Rxd7 28. Rxd7 Nxh3 29. Kxh3 {[%emt 0:00:06][%mdl 4096] Endgame KR-KR} a5 30. Rc7 Kh7 31. Kg2 f5 32. Re7 e4 33. Re5 Kg6 34. Rxa5 Rd8 35. Ra7 Rd7 36. a4 Kf6 37. b4 Ke6 38. a5 Kd6 39. Ra8 c5 40. bxc5+ Kxc5 41. Ra7 {[%emt 0:05:52] Hoping for a6.} Kc6 42. a6 bxa6 43. Rxa6+ Kd5 {[%emt 0:00:28] Weighted Error Value: White=0.06 (flawless) /Black=0.07 (flawless)} 1/2-1/2

[Event "AUT Bundesliga Women 2021-22"]
[Site "Austria"]
[Date "2022.04.23"]
[Round "9.20"]
[White "Pribozic, Sabrina"]
[Black "Krassnitzer, Julia"]
[Result "1/2-1/2"]
[ECO "A49"]
[WhiteElo "1624"]
[BlackElo "1793"]
[Annotator "NA RC COMBH"]
[PlyCount "129"]
[EventDate "2021.11.06"]
[EventType "team-tourn"]
[EventCountry "AUT"]
[SourceTitle "playchess.com"]
[Source "ChessBase"]
[SourceQuality "1"]
[TimeControl "40/5400+30:1800+30"]

1. d4 Nf6 2. Nf3 g6 3. g3 Bg7 4. Bg2 d6 5. O-O Nbd7 6. Re1 O-O 7. c4 e5 8. e3 c6 9. Nc3 h6 10. b3 e4 11. Nd2 d5 12. f3 exf3 13. Qxf3 Nb6 14. Bb2 Bg4 15. Qf2 Be6 16. cxd5 cxd5 17. Ba3 Re8 18. Rac1 a6 19. Nf3 Ng4 20. Qd2 Nc8 21. h3 Nf6 22. Ne5 Nd7 23. Nf3 Nf6 24. Ne5 Nh5 25. g4 Nf6 26. Qc2 Ne7 27. Ne2 Qa5 28. Qc5 Qd2 29. Qc3 Qxc3 30. Rxc3 Ne4 31. Bxe4 dxe4 32. Ng3 Nd5 33. Rcc1 f5 34. Nxg6 fxg4 35. hxg4 Bxg4 36. Nf4 Nxf4 37. exf4 Bxd4+ 38. Kh2 e3 39. Rc4 Bb6 40. Bc5 Bxc5 41. Rxc5 Rad8 42. Re5 Rxe5 43. fxe5 Rd2+ 44. Kg1 e2 45. Ne4 Rd1 46. Kf2 Rxe1 47. Kxe1 Bf3 48. Nd2 Bh5 49. Ne4 Kf8 50. Nc5 Bf3 51. Nd3 b6 52. a3 Ke7 53. Kf2 Bg4 54. Kg3 Bf5 55. Ne1 Ke6 56. Kf4 Bg6 57. Ng2 a5 58. Ne1 b5 59. Nf3 b4 60. axb4 axb4 61. Nd4+ Kd5 62. Nxe2 Bc2 63. Nc1 h5 64. Kg5 Kxe5 65. Na2 1/2-1/2